 Dungeon Crawl Stone Soup version 0.28.0-53-g5a82cb258f (webtiles) character file.

Game seed: 15646998399421982930

18269 Miles554 the Severer (level 12, -6/110 HPs)
             Began as a Minotaur Berserker on Aug 19, 2022.
             Was an Elder of Trog.
             Mangled by an ettin
             ... wielding a +0 dire flail
              (16 damage)
             ... on level 11 of the Dungeon.
             The game lasted 00:55:40 (12200 turns).

Miles554 the Severer (Minotaur Berserker)          Turns: 12200, Time: 00:55:40

Health: -6/110     AC: 24    Str: 25    XL:     12   Next: 26%
Magic:  11/11      EV: 10    Int:  4    God:    Trog [****..]
Gold:   797        SH:  5    Dex: 12    Spells: 11/11 levels left

rFire   . . .      SeeInvis .   F - +2 broad axe (vorpal)
rCold   . . .      Faith    .   (no shield)
rNeg    + . .      Spirit   .   G - +6 chain mail "Xukeug" {Regen+}
rPois   .          Reflect  +   (helmet restricted)
rElec   .          Harm     .   (no cloak)
rCorr   .          Rampage  .   r - +0 pair of gloves
Will    .....                   i - +0 pair of boots
Stlth   ..........              h - amulet of reflection
HPRegen 1.08/turn               v - ring of positive energy
MPRegen 0.12/turn               g - +4 ring of protection

@: no status effects
A: horns 2, retaliatory headbutt
a: Renounce Religion, Berserk, Trog's Hand, Brothers in Arms


You were on level 11 of the Dungeon.
You worshipped Trog.
Trog was greatly pleased with you.
You visited 2 branches of the dungeon, and saw 12 of its levels.

You collected 797 gold pieces.

Inventory:

Hand Weapons
 b - a +0 hunting sling
 m - a +2 trident of flaming
 n - the +6 battleaxe "Ezeexzets" {flame, rF+ Str+2 Int+2 Dex-3}
   (You acquired it on level 4 of the Dungeon)

   It burns those it strikes, dealing additional fire damage.
   Big, fiery blades are also staple armaments of hydra-hunters.
   Str:       It affects your strength (+2).
   Int:       It affects your intelligence (+2).
   Dex:       It affects your dexterity (-3).
   rF:        It protects you from fire.
 u - a +2 great sword
 C - a +6 hand axe
 F - a +2 vorpal broad axe (weapon)
 O - a +3 broad axe of flaming
Missiles
 f - 10 boomerangs (quivered)
 q - 212 stones
 t - 2 throwing nets
Armour
 i - a +0 pair of boots (worn)
 k - a +0 scale mail
 r - a +0 pair of gloves (worn)
 s - a +3 chain mail of willpower
 G - the +6 chain mail "Xukeug" (worn) {Regen+}
   (You found it on level 10 of the Dungeon)

   Regen:     It increases your rate of health regeneration.
 J - a +1 cloak
 P - a +2 plate armour of willpower
Jewellery
 a - a ring of magical power
 c - a ring of fire
 g - a +4 ring of protection (right hand)
 h - an amulet of reflection (around neck)
 o - an amulet of reflection
 v - a ring of positive energy (left hand)
 K - a ring of protection from fire
 N - a ring of fire
Wands
 e - a wand of flame (20)
 x - a wand of paralysis (2)
 y - a wand of digging (5)
 A - a wand of acid (9)
 B - a wand of mindburst (6)
 E - a wand of iceblast (5)
Scrolls
 j - 2 scrolls of brand weapon
 w - 4 scrolls of identify
 z - 4 scrolls of immolation
 D - a scroll of fog
 H - a scroll of teleportation
 I - a scroll of enchant weapon
Potions
 d - 2 potions of curing
 p - a potion of ambrosia
 L - a potion of brilliance {unknown}
 M - a potion of degeneration {unknown}


   Skills:
 + Level 11.3 Fighting
 + Level 17.4 Axes
 + Level 3.0 Throwing
 + Level 10.2 Armour
 + Level 5.0 Dodging
 + Level 1.7 Stealth
 + Level 5.4 Shields
 + Level 0.1 Evocations


You had 11 spell levels left.
You didn't know any spells.
Your spell library contained the following spells:

 Spells                   Type           Power      Damage    Failure   Level
 Magic Dart               Conj           0%         1d3       96%         1
 Blink                    Tloc           0%         N/A       99%         2
 Call Imp                 Summ           0%         N/A       99%         2
 Scorch                   Fire           0%         2d5       99%         2
 Mephitic Cloud           Conj/Pois/Air  0%         N/A       100%        3
 Portal Projectile        Hex/Tloc       0%         N/A       100%        3
 Flame Wave               Conj/Fire      0%         2d4       100%        4
 Blade Hands              Tmut           0%         N/A       100%        5
 Excruciating Wounds      Necr           0%         N/A       100%        5
 Manifold Assault         Tloc           0%         N/A       100%        5
 Summon Cactus Giant      Summ           0%         N/A       100%        6
 Storm Form               Tmut/Air       0%         N/A       100%        7


Dungeon Overview and Level Annotations

Branches:
Dungeon (11/15)            Temple (0/1) D:6            Lair (0/6) D:10
    Orc (1/2) D:9

Altars:
Zin

Shops:
D:1 =   D:2 *   D:10 *


Innate Abilities, Weirdness & Mutations

You have a pair of horns on your head.
You reflexively headbutt those who attack you in melee.


Message History

Items here: ( )))) ††.
Okay, then.
Items here: [ | ††.
Things that are here:
3 large rocks; a cyclops corpse An ettin comes into view.
It is wielding two +0 dire flails.
Found the Unrestrained Analects.
The ettin shouts in stereo!
You hear two shouts!
An ettin comes into view. It is wielding two +0 dire flails.
The ettin hits you with a +0 dire flail.
The ettin hits you with a +0 dire flail!!
You hit the ettin.
You headbutt the ettin, but do no damage.
The ettin is lightly wounded.
You hit the ettin but do no damage. The ettin closely misses you.
The ettin hits you but does no damage.
You barely miss the ettin. You headbutt the ettin.
The ettin is lightly wounded.
You hit the ettin.
The ettin hits you but does no damage. x2
You slash the ettin!
You headbutt the ettin, but do no damage.
The ettin is moderately wounded.
You hit the ettin but do no damage. The ettin barely misses you.
You furiously retaliate!
You headbutt the ettin.
The ettin hits you with a +0 dire flail!
The ettin hits you but does no damage. The ettin closely misses you.
You slash the ettin!
The ettin is heavily wounded.
You hit the ettin.
The ettin hits you with a +0 dire flail!! x2
* * * LOW HITPOINT WARNING * * *
The ettin hits you with a +0 dire flail!
* * * LOW HITPOINT WARNING * * *
The ettin hits you with a +0 dire flail.
* * * LOW HITPOINT WARNING * * *
You feel much better.
The ettin hits you with a +0 dire flail!!
* * * LOW HITPOINT WARNING * * *
The ettin hits you with a +0 dire flail!
You die...

######### #.....#.#
#.##.C#.# #....#C##
##..##@# #..C.#.# ##..##.#
.:..#.## #######..##
##.#.....#.#########
######.#.#...#.##.#.#...#
#.......#.#.#.#.#.....#.#
..######..#.#.#..#.....#.#


You could see 2 ettins.

Vanquished Creatures
  A sphinx (D:11)
  An ettin (D:11)
  A fire dragon (D:11)
  A yaktaur captain (D:11)
  A rakshasa (D:11)
  A boulder beetle (D:11)
  2 death knights
  A centaur warrior (D:11)
  3 death yaks
  A deep troll (D:11)
  2 orc knights
  2 cyclopes (D:11)
  An orc sorcerer (D:11)
  A manticore (D:11)
  Maurice (D:11)
  A troll (D:11)
  A hornet (D:8)
  8 yaks
  A wyvern (D:10)
  Grum (D:8)
  2 wargs
  7 orc warriors
  An ice beast (D:8)
  A sky beast (D:6)
  2 necrophages
  2 ogres
  8 centaurs
  2 wolves (D:8)
  An ogre (shapeshifter) (D:11)
  A kobold brigand (D:6)
  2 wyvern zombies
  2 bullfrogs
  Blork the orc (D:5)
  A gnoll sergeant (D:10)
  A scorpion (D:5)
  6 killer bees (D:9)
  8 wights
  12 howler monkeys
  4 centaur zombies
  A centaur skeleton (D:6)
  2 hounds
  A jelly (D:5)
  5 orc priests
  A gnoll shaman (D:9)
  An iguana (D:4)
  A bullfrog skeleton (D:6)
  Ijyb (D:4)
  A hell rat (D:10)
  9 orc wizards
  A killer bee zombie (D:7)
  2 hound zombies (D:5)
  A howler monkey zombie (D:9)
  6 adders
  6 gnolls
  2 howler monkey skeletons
  2 river rats (D:10)
  2 shadow imps
  2 ufetubi
  3 worms
  3 dart slugs
  37 orcs
  5 bats (D:1)
  10 endoplasms
  4 giant cockroaches
  5 goblins
  7 hobgoblins
  6 jackals
  6 kobolds
  6 quokkas
  4 ball pythons
  3 frilled lizards
  5 rats
247 creatures vanquished.

Notes
Turn   | Place    | Note
-------+----------+-------------------------------------------
     0 | D:1      | Miles554 the Minotaur Berserker began the quest for the
                  | Orb.
     0 | D:1      | Reached XP level 1. HP: 19/19 MP: 0/0
     5 | D:1      | Found a faded altar of an unknown god.
   195 | D:1      | Reached XP level 2. HP: 18/27 MP: 1/1
   196 | D:1      | Reached skill level 4 in Axes
   928 | D:1      | Found Tatiohe's Jewellery Shoppe.
  1220 | D:2      | Reached XP level 3. HP: 32/34 MP: 2/2
  2063 | D:2      | Found Caotaty's Assorted Antiques.
  2202 | D:2      | Reached ** piety under Trog
  2634 | D:3      | Reached XP level 4. HP: 32/41 MP: 3/3
  3017 | D:3      | Reached skill level 5 in Axes
  3324 | D:3      | Reached XP level 5. HP: 47/47 MP: 4/4
  3350 | D:3      | Noticed a necrophage
  3356 | D:3      | Killed a necrophage
  3357 | D:3      | Reached skill level 5 in Fighting
  3641 | D:4      | Noticed an ogre
  3700 | D:4      | Reached skill level 6 in Axes
  3774 | D:4      | Reached XP level 6. HP: 48/56 MP: 5/5
  3846 | D:4      | Reached *** piety under Trog
  3847 | D:4      | Reached skill level 1 in Stealth
  3924 | D:4      | Identified a scroll of acquirement
  3924 | D:4      | Acquired the +6 battleaxe "Ezeexzets" {flame, rF+ Str+2
                  | Int+2 Dex-3}
  4161 | D:4      | Reached skill level 7 in Axes
  4189 | D:4      | Noticed Ijyb
  4192 | D:4      | Killed Ijyb
  4239 | D:5      | Entered Level 5 of the Dungeon
  4434 | D:5      | Noticed Blork the orc
  4438 | D:5      | Killed Blork the orc
  4439 | D:5      | Reached XP level 7. HP: 59/62 MP: 6/6
  4776 | D:5      | Reached skill level 8 in Axes
  4965 | D:6      | Reached skill level 9 in Axes
  4965 | D:6      | Reached skill level 1 in Shields
  4965 | D:6      | Reached XP level 8. HP: 70/70 MP: 7/7
  4974 | D:6      | Found a staircase to the Ecumenical Temple.
  5285 | D:6      | Reached skill level 10 in Axes
  5850 | D:7      | Reached **** piety under Trog
  6265 | D:7      | Reached skill level 11 in Axes
  6325 | D:7      | Reached XP level 9. HP: 79/79 MP: 8/8
  6666 | D:8      | Noticed Grum
  6671 | D:8      | Reached skill level 5 in Armour
  6678 | D:8      | Killed Grum
  6679 | D:8      | Reached skill level 12 in Axes
  7792 | D:9      | Reached skill level 13 in Axes
  7816 | D:9      | Reached XP level 10. HP: 90/90 MP: 9/9
  7825 | D:9      | Reached ***** piety under Trog
  8082 | D:9      | Found a staircase to the Orcish Mines.
  8875 | Orc:1    | Entered Level 1 of the Orcish Mines
  8875 | Orc:1    | Noticed an orc knight
  8892 | D:9      | Killed an orc knight
  9065 | D:10     | Entered Level 10 of the Dungeon
  9193 | D:10     | Noticed a death knight
  9610 | D:10     | Reached skill level 14 in Axes
  9622 | D:10     | Noticed a death yak
  9634 | D:10     | Killed a death yak
  9634 | D:10     | Noticed a death yak
  9635 | D:10     | Noticed a death yak
  9730 | D:9      | Killed a death yak
  9761 | D:9      | Killed a death yak
  9762 | D:9      | Reached skill level 15 in Axes
 10137 | D:10     | Reached XP level 11. HP: 68/99 MP: 10/10
 10178 | D:10     | Received a gift from Trog
 10249 | D:10     | Reached skill level 10 in Fighting
 10586 | D:10     | Killed a death knight
 10757 | D:10     | Identified the +6 chain mail "Xukeug" {Regen+}
 10812 | D:10     | Found a glowing silver altar of Zin.
 11029 | D:10     | Found a staircase to the Lair.
 11163 | D:10     | Found Imab's Assorted Antiques.
 11194 | D:11     | Noticed Maurice
 11213 | D:11     | Paralysed by something for 6 turns
 11232 | D:11     | Killed Maurice
 11468 | D:11     | Reached skill level 1 in Throwing
 11524 | D:11     | Reached skill level 16 in Axes
 11578 | D:11     | Noticed a death knight
 11583 | D:11     | Noticed a rakshasa
 11602 | D:11     | Killed a rakshasa
 11605 | D:11     | Killed a death knight
 11746 | D:11     | Noticed a centaur warrior
 11759 | D:11     | Killed a centaur warrior
 11771 | D:11     | Noticed a deep troll
 11772 | D:11     | Noticed a sphinx
 11783 | D:11     | Killed a sphinx
 11786 | D:11     | Killed a deep troll
 11954 | D:11     | Noticed a boulder beetle
 11961 | D:11     | Noticed a fire dragon
 11971 | D:11     | Noticed an orc knight
 11984 | D:11     | Killed a fire dragon
 12009 | D:11     | Reached skill level 5 in Shields
 12009 | D:11     | Killed a boulder beetle
 12010 | D:11     | Reached XP level 12. HP: 59/110 MP: 11/11
 12024 | D:11     | Reached skill level 17 in Axes
 12043 | D:11     | Noticed an ettin
 12053 | D:11     | Killed an ettin
 12054 | D:11     | Reached skill level 5 in Dodging
 12062 | D:11     | Reached skill level 10 in Armour
 12064 | D:11     | Noticed a yaktaur captain
 12095 | D:11     | Killed a yaktaur captain
 12189 | D:11     | Noticed an ettin
 12190 | D:11     | Noticed an ettin
 12200 | D:11     | Mangled by an ettin

Illustrated notes

Levels and vault maps discovered:
D:1:      dpeg_arrival_windows_large_door, layout_basic,
          dreamdust_ecumenical_altar_grove, serial_shops, nicolae_square_shop
D:2:      layout_basic, serial_shops, nicolae_shop_hallway_plus
D:3:      layout_loops_ring, grunt_ministairs_6
D:4:      layout_rooms, uniq_ijyb
D:5:      layout_basic, uniq_blork_the_orc
D:6:      nicolae_cairo_tiling_very_big, layout_basic,
          minmay_temple_entry_purple_smoke
D:7:      layout_gridville
D:8:      layout_gridville, uniq_grum
D:9:      layout_loops_corners, david_orc_3, serial_co_window_serial,
          co_window_of_opportunity_a, co_window_paths_b, co_window_paths_a,
          co_window_paths_a, co_window_of_opportunity_a, co_window_paths_a,
          co_window_of_opportunity_a, co_window_broadway_c, co_window_corner_b,
          co_window_corner_cb, co_window_sun, glass_columns_a, glass_columns_a,
          glass_columns_a
D:10:     layout_small_grid, mainiacjoe_overflow_six_doors_small,
          dpeg_lair_monsters, serial_shops, kennysheep_little_box
D:11:     minmay_tearing_corner, layout_basic, uniq_maurice
Orc:1:    layout_caves, uniq_fannar, uniq_sonja

Skill      XL: |  1  2  3  4  5  6  7  8  9 10 11 12 |
---------------+-------------------------------------+-----
Fighting       | 4 5 6 7 8 9 11 | 11.3
Axes           | 4 5 6 7 9 11 13 15 16 17 | 17.4
Dodging        | 3 4 5 |  5.0
Stealth        | 1 |  1.7
Armour         | 3 4 6 7 9 10 | 10.2
Shields        | 1 2 3 5 |  5.4
Throwing       | 3 |  3.0
Evocations     | |  0.1

Action                   |  1- 3 |  4- 6 |  7- 9 | 10-12 || total
-------------------------+-------+-------+-------+-------++-------
Melee: Hand axe          |    92 |   113 |       |       ||   205
       Headbutt          |     8 |    23 |    23 |    54 ||   108
       Punch             |     1 |     1 |       |     1 ||     3
       Battleaxe         |       |    13 |   168 |    78 ||   259
       Broad axe         |       |       |       |   136 ||   136
Throw: Boomerang         |       |       |       |    17 ||    17
Invok: Berserk           |       |       |     1 |     5 ||     6
       Trog's Hand       |       |       |       |     1 ||     1
Evoke: Wand              |       |       |       |     1 ||     1
  Use: Scroll            |       |     6 |     5 |     1 ||    12
       Potion            |       |     3 |       |     4 ||     7
 Stab: Sleeping          |     1 |       |       |       ||     1
       Distracted        |       |       |     1 |       ||     1
Armor: Animal skin       |    27 |     5 |       |       ||    32
       Leather armour    |       |    42 |       |       ||    42
       Scale mail        |       |     4 |     3 |       ||     7
       Chain mail        |       |       |    87 |   130 ||   217
Dodge: Dodged            |    74 |    67 |    79 |    80 ||   300
Block: Other             |       |     2 |    42 |    48 ||    92
       Reflection        |       |       |     2 |     1 ||     3
